 Dungeon Crawl Stone Soup version 0.24-a0-497-g5a03d68f59 (webtiles) character file.

Game seed: 8629984615287752890

90124 hairmachine the Fighter (level 15, -8/101 HPs)
             Began as a Vampire Necromancer on July 11, 2019.
             Was the Champion of Kikubaaqudgha.
             Mangled by an emperor scorpion (26 damage)
             ... on level 1 of the Spider Nest on July 13, 2019.
             The game lasted 03:10:42 (42871 turns).

hairmachine the Fighter (Vampire Necromancer)      Turns: 42871, Time: 03:10:43

Health: -8/101     AC: 14    Str:  8 (10) XL:     15   Next: 51%
Magic:  13/28      EV: 23    Int: 19 (23) God:    Kikubaaqudgha [******]
Gold:   1087       SH:  5    Dex: 16 (17) Spells: 9/33 levels left

rFire    + . .     SeeInvis +   b - +12 Vampire's Tooth {vamp}
rCold    + . .     Gourm    .   B - +0 buckler
rNeg     + + +     Faith    .   F - +2 robe {MR+}
rPois    ∞         Spirit   .   V - +2 helmet
rElec    .         Reflect  .   C - +2 cloak {MR+}
rCorr    .         Harm     .   c - +2 pair of gloves of the Unseen Realm {+Fly rC- Int+4}
MR       +++..                  u - +0 pair of boots
Stlth    ++++++++..             k - amulet of magic regeneration
HPRegen  0.00/turn              x - ring of protection from fire
MPRegen  0.46/turn              y - +4 ring of evasion

@: very slightly contaminated, bloodless, regenerating quickly
A: no food, fangs 3, see invisible, sense surroundings 1, unbreathing
a: Bat Form, Revivify, Receive Corpses, Torment, Renounce Religion, Evoke Flight


You were on level 1 of the Spider Nest.
You worshipped Kikubaaqudgha.
Kikubaaqudgha was exalted by your worship.
You were bloodless.

You visited 6 branches of the dungeon, and saw 25 of its levels.

You collected 1997 gold pieces.
You spent 910 gold pieces at shops.

Inventory:

Hand Weapons
 a - a +9 demon trident of freezing
 b - the +12 Vampire's Tooth (weapon) {vamp}
   (You bought it in a shop on level 2 of the Orcish Mines)

   It inflicts no extra harm, but heals its wielder when it wounds a living foe.
Missiles
 g - 569 stones
 i - 4 throwing nets
 G - 4 curare-tipped darts
 K - 13 atropa-tipped darts (quivered)
Armour
 c - the +2 pair of gloves of the Unseen Realm (worn) {+Fly rC- Int+4}
   (You found it on level 5 of the Lair of Beasts)

   It affects your intelligence (+4).
   It makes you vulnerable to cold.
   It lets you fly.
 u - a +0 pair of boots (worn)
 B - a +0 buckler (worn)
 C - a +2 cloak of magic resistance (worn)
 F - a +2 robe of magic resistance (worn)
 V - a +2 helmet (worn)
Magical Staves
 I - an uncursed staff of power
 T - an uncursed staff of wizardry
Jewellery
 k - an amulet of magic regeneration (around neck)
 x - a ring of protection from fire (left hand)
 y - a +4 ring of evasion (right hand)
Wands
 f - a wand of digging (12)
 t - a wand of flame (18)
 P - a wand of polymorph (5)
 Q - a wand of clouds (8)
 S - a wand of random effects (11)
Scrolls
 d - 4 scrolls of amnesia
 h - 2 scrolls of enchant armour
 j - 9 scrolls of teleportation
 l - a scroll of magic mapping
 n - 3 scrolls of immolation
 o - 11 scrolls of remove curse
 q - a scroll of vulnerability
 s - a scroll of fog
 v - a scroll of brand weapon
 w - 3 scrolls of identify
 J - 2 scrolls of summoning
Potions
 e - 9 potions of curing
 m - a potion of agility
 z - 2 potions of resistance
 A - a potion of ambrosia
 D - 3 potions of flight
 E - a potion of cancellation
 L - 2 potions of magic
 M - 7 potions of haste
 O - 7 potions of brilliance
 U - a potion of heal wounds
 W - 2 potions of might
Miscellaneous
 p - a phantom mirror


   Skills:
 + Level 14.9 Fighting
 - Level 4.0 Short Blades
 + Level 10.2 Polearms
 - Level 2.0 Armour
 - Level 10.0 Dodging
 - Level 14.1 Stealth
 + Level 4.6 Shields
 + Level 9.6 Spellcasting
 - Level 10.0 Necromancy
 - Level 4.0 Evocations


You had 9 spell levels left.
You knew the following spells:

 Your Spells              Type           Power        Failure   Level  Hunger
a - Pain                  Necr           ####         1%          1    N/A
b - Animate Skeleton      Necr           N/A          1%          1    N/A
c - Vampiric Draining     Necr           #####.....   1%          3    N/A
d - Animate Dead          Necr           N/A          1%          4    N/A
e - Dispel Undead         Necr           #####...     3%          5    N/A
f - Regeneration          Chrm/Necr      ####......   3%          3    N/A
g - Blink                 Tloc           N/A          12%         2    N/A
h - Agony                 Necr           #####...     3%          5    N/A

Your spell library contained the following spells:

 Spells                   Type           Power        Failure   Level  Hunger
 Corpse Rot               Necr           N/A          1%          2    N/A
 Sublimation of Blood     Necr           #####.....   1%          2    N/A
 Beastly Appendage        Tmut           #.....       8%          1    N/A
 Magic Dart               Conj           #...         8%          1    N/A
 Call Imp                 Summ           #.......     12%         2    N/A
 Slow                     Hex            #.......     12%         2    N/A
 Sticks to Snakes         Tmut           #.......     12%         2    N/A
 Conjure Flame            Conj/Fire      #.......     24%         3    N/A
 Mephitic Cloud           Conj/Pois/Air  #.......     24%         3    N/A
 Spider Form              Tmut/Pois      #.........   24%         3    N/A
 Excruciating Wounds      Chrm/Necr      ####......   28%         5    N/A
 Ice Form                 Ice/Tmut       #.......     61%         4    N/A
 Simulacrum               Ice/Necr       ####......   83%         6    N/A
 Blade Hands              Tmut           #.........   91%         5    N/A
 Haunt                    Necr/Summ      ####......   100%        7    N/A
 Infestation              Necr           #####.....   100%        8    N/A
 Borgnjor's Revivificati  Necr           Unusable     N/A         8    N/A
 Death's Door             Chrm/Necr      Unusable     N/A         8    N/A
 Necromutation            Tmut/Necr      Unusable     N/A         8    N/A

Dungeon Overview and Level Annotations

Branches:
Dungeon (14/15)            Temple (1/1) D:5            Lair (6/6) D:8
  Swamp (1/4) Lair:3       Spider (1/4) Lair:3        Slime (0/5) Lair:5
    Orc (2/2) D:12            Elf (0/3) Orc:2
 Vaults: D:13-14

Altars:
Ashenzari
Cheibriados
Dithmenos
Elyvilon
Fedhas
Gozag
Hepliaklqana
Kikubaaqudgha
Makhleb
Nemelex Xobeh
Okawaru
Qazlal
Ru
Sif Muna
Trog
Uskayaw
Vehumet
Wu Jian
Xom
Yredelemnul
Zin
The Shining One
Beogh
Jiyva

Shops:
D:8 :   Orc:2 (**(

Portals:
Trove: D:11 (give 4 scrolls of blinking)

Annotations:
D:1 exclusion: downstairs
D:7 2 runed translucent doors, vurker's ghost, novice OpFE
D:14 Lousie!, Louise
Lair:4 3 runed translucent doors, Vuydghur's ghost, adept DrCj
Lair:5 3 runed translucent doors, Azzok's ghost, journeyman DEEE
Lair:6 exclusion: door


Innate Abilities, Weirdness & Mutations

You do not eat.
You do not regenerate when monsters are visible.
You are frail without blood (-20% HP).
You are immune to poison.
You have razor-sharp teeth.
You have supernaturally acute eyesight. (SInv)
You can survive without breathing.
You passively map a small area around you.


Message History

Casting: Blink (safe; 12% risk of failure)
Confirm with . or Enter, or press ? or * to list all spells.
You miscast Blink.
You are very lightly contaminated with residual magic.
You feel a wrenching sensation.
The emperor scorpion barely misses you. x2
The emperor scorpion completely misses you.
Casting: Blink (safe; 12% risk of failure)
Confirm with . or Enter, or press ? or * to list all spells.
You blink.
Casting: Blink (safe; 12% risk of failure)
Confirm with . or Enter, or press ? or * to list all spells.
You blink.
Casting: Blink (safe; 12% risk of failure)
Confirm with . or Enter, or press ? or * to list all spells.
You blink.
Casting: Blink (safe; 12% risk of failure)
Confirm with . or Enter, or press ? or * to list all spells.
You miscast Blink.
You feel uncomfortable. The emperor scorpion stings you!!
You die...
Kikubaaqudgha rasps: "You have failed me!
Welcome... oblivion!"

..# * ##.# #.###....# , .## ##
#.#####..#.....# , . †####.#
##.##.......#, * ,... #.....##
##......####.## .... #.####.##
#...<...## ##.# .... #s#
##.####...§....# #.###.. #.##
##.##.........# ##.#.# ^..#
#..##....s...#####...# ,
...######.......@.........#.....#
...........##......#####.####...^
...#######.####.##.# #.## * .##
...#* #.# ####.# *#.# * # ....*
#.# #.# #.#..# ** .....* ###
#..#.. ..# * .....* *, ##.... ..#
, ....## , * **#.##. ... * ,
...## * ..# ## ..## *


You could see an emperor scorpion.

Vanquished Creatures
  Saint Roka (Orc:2)
  Kirke (D:13)
  A stone giant (Orc:1)
  A very ugly thing (D:11)
  Snorg (D:12)
  2 ettins (D:12)
  Josephine (Lair:3)
  Harold (D:12)
  9 hydras
  A catoblepas (Lair:6)
  2 centaur warriors
  5 two-headed ogres
  5 alligators
  A death yak (Lair:5)
  A death knight (D:12)
  3 tengu warriors
  4 orc high priests (Orc:2)
  Urug (Lair:1)
  A swamp dragon (Swamp:1)
  2 wizards (D:11)
  3 unseen horrors
  Pikel (D:5)
  4 orc knights (Orc:2)
  5 orc sorcerers (Orc:2)
  2 cyclopes
  2 orb spiders
  10 ugly things
  A manticore (D:12)
  A moth of wrath (shapeshifter) (D:12)
  3 centaur zombies
  6 black mambas
  6 spiny frogs
  A kobold demonologist (D:11)
  A demonic crawler (Spider:1)
  2 rime drakes (Lair:6)
  2 freezing wraiths (D:12)
  4 komodo dragons
  A tengu conjurer (D:14)
  4 trolls
  2 polar bears
  A jumping spider (Spider:1)
  Grinder (D:5)
  Prince Ribbit (D:6)
  4 bog bodies (Lair:3)
  15 blink frogs
  7 hippogriffs
  A vampire (D:12)
  A shadow (D:13)
  2 redbacks (Spider:1)
  A tarantella (Spider:1)
  21 yaks
  7 wraiths
  2 wyverns
  3 hogs (D:13)
  A basilisk (Lair:5)
  3 vampire mosquitoes
  3 hungry ghosts
  Menkaure (D:7)
  4 wargs
  5 swamp worms
  2 insubstantial wisps (Swamp:1)
  6 porcupines
  20 water moccasins
  5 ice beasts
  A slave (D:5)
  A black bear (D:10)
  42 orc warriors
  3 sky beasts
  An eye of draining (shapeshifter) (D:13)
  An eye of draining (D:12)
  11 ogres
  2 necrophages
  17 wolves
  2 phantoms
  7 centaurs
  10 crocodiles
  Blork the orc (D:6)
  8 bullfrogs
  A gnoll sergeant (D:7)
  6 scorpions
  12 killer bees
  7 wights
  An electric eel (Lair:3)
  6 howler monkeys
  3 crimson imps
  3 bullfrog zombies
  A quasit (D:10)
  6 hounds
  31 orc priests
  3 jellies
  2 centaur skeletons
  2 gnoll shamans (D:6)
  An iguana (D:8)
  23 orc wizards
  9 worker ants
  A killer bee zombie (D:10)
  A hound skeleton (D:4)
  19 gnolls
  10 adders
  2 shadow imps
  2 oozes
  A worm (D:5)
  A dart slug (D:2)
  4 leopard geckos
  97 orcs
  6 giant cockroaches
  3 goblins
  4 hobgoblins
  5 jackals
  3 quokkas
  A ball python (D:3)
  6 bats
  3 frilled lizards
  A jackal skeleton (D:4)
  9 kobolds
  A leopard gecko zombie (D:5)
  4 rats
630 creatures vanquished.

Vanquished Creatures (collateral kills)
  A hydra (Lair:1)
  An alligator (Swamp:1)
  A two-headed ogre (Orc:2)
  2 death yaks
  A wizard (Lair:6)
  An orc knight (Orc:2)
  A cyclops (D:12)
  2 wolf spiders (Spider:1)
  A centaur zombie (D:11)
  A black mamba (Lair:5)
  An elephant (Lair:6)
  7 spiny frogs
  3 komodo dragons
  A rime drake (Lair:6)
  4 blink frogs (Lair:6)
  A hippogriff (Lair:4)
  A wyvern (D:12)
  9 yaks
  An insubstantial wisp (Swamp:1)
  2 water moccasins
  3 porcupines (Lair:1)
  2 orc warriors
  3 ogres
  A necrophage (D:8)
  5 wolves
  4 crocodiles
  A big kobold (D:8)
  3 bullfrogs
  2 wights (D:10)
  A killer bee (D:8)
  A scorpion (D:10)
  A howler monkey (D:13)
  A bullfrog skeleton (D:8)
  2 orc wizards
  4 orc priests (Orc:2)
  A worker ant (D:4)
  A hound skeleton (D:6)
  2 gnolls (D:6)
  An adder (D:6)
  An adder skeleton (D:6)
  An adder zombie (D:5)
  14 orcs
  3 giant cockroaches
  3 kobolds (D:8)
  A quokka (D:7)
  A frilled lizard (D:1)
  A goblin (D:3)
  A rat (D:3)
  2 fungi
  A plant (Lair:6)
110 creatures vanquished.

Vanquished Creatures (others)
  An ice beast (D:13)
  A slave (D:5)
  A bullfrog zombie (D:5)
  A leopard gecko (D:5)
  7 fungi
  7 plants
18 creatures vanquished.

Grand Total: 758 creatures vanquished

Notes
Turn   | Place    | Note
-------+----------+-------------------------------------------
     0 | D:1      | hairmachine the Vampire Necromancer began the quest for the
                  | Orb.
     0 | D:1      | Reached XP level 1. HP: 13/13 MP: 3/3
     3 | D:1      | Learned a level 1 spell: Animate Skeleton
   369 | D:1      | You fall into a shaft and drop 1 floor!
   397 | D:2      | Reached skill level 5 in Necromancy
   397 | D:2      | Reached XP level 2. HP: 7/15 MP: 0/5
  1182 | D:2      | Found a deep blue altar of Sif Muna.
  1278 | D:2      | Reached XP level 3. HP: 20/21 MP: 3/6
  1859 | D:2      | Found a stormy altar of Qazlal.
  2304 | D:3      | Learned a level 3 spell: Vampiric Draining
  2608 | D:3      | Found a basalt altar of Yredelemnul.
  3161 | D:3      | Reached XP level 4. HP: 13/27 MP: 5/7
  3257 | D:4      | Reached skill level 1 in Fighting
  3515 | D:4      | Reached XP level 5. HP: 32/33 MP: 5/8
  4261 | D:5      | Entered Level 5 of the Dungeon
  4592 | D:5      | Learned a level 4 spell: Animate Dead
  4612 | D:5      | Reached XP level 6. HP: 38/39 MP: 7/10
  4737 | D:5      | Noticed Grinder
  4803 | D:5      | Reached skill level 5 in Stealth
  4852 | D:6      | Noticed an ice beast
  4861 | D:6      | Killed an ice beast
  4962 | D:6      | Reached XP level 7. HP: 29/45 MP: 5/12
  5225 | D:6      | Noticed Prince Ribbit
  5622 | D:4      | Reached skill level 5 in Dodging
  5828 | D:6      | Reached XP level 8. HP: 58/59 MP: 12/14
  6007 | D:6      | Found a glowing golden altar of the Shining One.
  6008 | D:6      | Found a shadowy altar of Dithmenos.
  6008 | D:6      | Noticed Blork the orc
  6032 | D:6      | Killed Blork the orc
  6200 | D:6      | Reached skill level 1 in Short Blades
  6352 | D:6      | Killed Prince Ribbit
  7555 | D:7      | Reached skill level 5 in Fighting
  7794 | D:7      | Reached XP level 9. HP: 53/68 MP: 9/15
  8120 | D:7      | Noticed Menkaure
  8143 | D:7      | Killed Menkaure
  8438 | D:7      | Found a large runed translucent door.
  8438 | D:7      | Found a large runed translucent door.
  8439 | D:7      | Noticed vurker's ghost (novice OpFE)
  8715 | D:7      | Found an ornate altar of the Wu Jian Council.
  9134 | D:5      | Found a staircase to the Ecumenical Temple.
  9382 | D:5      | Noticed Pikel
  9410 | Temple   | Entered the Ecumenical Temple
  9532 | Temple   | Became a worshipper of Kikubaaqudgha
  9615 | D:5      | Killed Pikel
  9907 | D:5      | Paralysed by Grinder for 3 turns
  9920 | D:5      | Paralysed by Grinder for 7 turns
  9940 | D:5      | Killed Grinder
 10409 | D:8      | Noticed a two-headed ogre
 10460 | D:8      | Killed a two-headed ogre
 10460 | D:8      | Reached XP level 10. HP: 66/66 MP: 14/16
 10810 | D:8      | Found Toidamar's Book Boutique.
 10936 | D:8      | Found a white marble altar of Elyvilon.
 10990 | D:8      | Reached skill level 10 in Fighting
 11191 | D:8      | Reached * piety under Kikubaaqudgha
 11191 | D:8      | Identified Kikubaaqudgha's Volume of Dark Magic
                  | (Kikubaaqudgha gifted it to you on level 8 of the Dungeon)
 11191 | D:8      | Received a gift from Kikubaaqudgha
 11210 | D:8      | Learned a level 2 spell: Corpse Rot
 11935 | D:8      | Found a staircase to the Lair.
 14099 | D:10     | Entered Level 10 of the Dungeon
 14303 | D:10     | Learned a level 3 spell: Regeneration
 14595 | D:10     | Reached ** piety under Kikubaaqudgha
 14984 | D:10     | Reached skill level 5 in Spellcasting
 15737 | D:10     | Got an ancient shield
 15738 | D:10     | Identified the +1 shield of the Greedy {-Cast Int+3} (You
                  | found it on level 10 of the Dungeon)
 16221 | Lair:1   | Entered Level 1 of the Lair of Beasts
 16221 | Lair:1   | Noticed Urug
 16351 | Lair:1   | Killed Urug
 16351 | Lair:1   | Reached XP level 11. HP: 50/73 MP: 1/18
 16640 | Lair:1   | Reached skill level 1 in Polearms
 16888 | Lair:1   | Noticed an eight-headed hydra
 16898 | Lair:1   | Killed an eight-headed hydra
 16898 | Lair:1   | Reached skill level 10 in Stealth
 17206 | Lair:1   | Noticed a four-headed hydra
 18390 | Lair:1   | Killed a four-headed hydra
 19078 | Lair:2   | Reached *** piety under Kikubaaqudgha
 19078 | Lair:2   | Identified Kikubaaqudgha's Disquisition on Stolen Souls
                  | (Kikubaaqudgha gifted it to you on level 2 of the Lair of
                  | Beasts)
 19078 | Lair:2   | Received a gift from Kikubaaqudgha
 19328 | Lair:2   | Reached XP level 12. HP: 46/81 MP: 0/21
 20781 | Lair:3   | Noticed a five-headed hydra
 20992 | Lair:2   | Upgraded the game from 0.24-a0-489-g1c7b743a30 to
                  | 0.24-a0-497-g5a03d68f59
 20995 | Lair:2   | Learned a level 2 spell: Blink
 21442 | Lair:3   | Learned a level 5 spell: Agony
 21454 | Lair:3   | Killed a five-headed hydra
 21454 | Lair:3   | Reached skill level 1 in Armour
 21798 | Lair:3   | Found a hole to the Spider Nest.
 22805 | Lair:4   | Found a runed translucent gate.
 22805 | Lair:4   | Found a runed translucent gate.
 22805 | Lair:4   | Found a runed translucent gate.
 22810 | Lair:4   | Noticed Vuydghur's ghost (adept DrCj)
 22898 | Lair:4   | Reached **** piety under Kikubaaqudgha
 22898 | Lair:4   | Reached skill level 5 in Polearms
 23196 | Lair:4   | Noticed Josephine
 23225 | Lair:3   | Learned a level 5 spell: Dispel Undead
 23493 | Lair:3   | Killed Josephine
 24282 | Lair:5   | Noticed a death yak
 24430 | Lair:5   | Noticed a death yak
 24727 | Lair:5   | Got a pair of distressingly furry gloves
 24728 | Lair:5   | Identified the +2 pair of gloves of the Unseen Realm {+Fly
                  | rC- Int+4} (You found it on level 5 of the Lair of Beasts)
 24750 | Lair:5   | Found a viscous altar of Jiyva.
 24751 | Lair:5   | Found a staircase to the Slime Pits.
 25119 | Lair:5   | Found a runed translucent gate.
 25119 | Lair:5   | Found a runed translucent gate.
 25119 | Lair:5   | Found a runed translucent gate.
 25120 | Lair:5   | Noticed a death ooze
 25219 | Lair:5   | Noticed Azzok's ghost (journeyman DEEE)
 25301 | Lair:5   | Noticed a four-headed hydra
 25323 | Lair:5   | Killed a four-headed hydra
 25323 | Lair:5   | Reached skill level 1 in Evocations
 25623 | Lair:5   | Killed a death yak
 25623 | Lair:5   | Reached XP level 13. HP: 88/88 MP: 7/24
 25997 | Lair:5   | Found a viscous altar of Jiyva.
 26156 | Lair:6   | Entered Level 6 of the Lair of Beasts
 26631 | Lair:6   | Reached ***** piety under Kikubaaqudgha
 26711 | Lair:6   | Reached skill level 10 in Dodging
 28152 | Lair:5   | Identified a scroll of acquirement
 30217 | D:11     | Found a portal to a secret trove of treasure.
 30789 | D:11     | Noticed a brown very ugly thing
 30803 | D:11     | Killed a brown very ugly thing
 30803 | D:11     | Reached XP level 14. HP: 68/95 MP: 8/26
 31188 | D:12     | Found a staircase to the Orcish Mines.
 33314 | D:13     | Reached ****** piety under Kikubaaqudgha
 33353 | D:13     | Reached skill level 10 in Necromancy
 33586 | D:13     | Noticed Kirke
 33874 | D:13     | Killed Kirke
 34119 | D:13     | Received a gift from Kikubaaqudgha
 34165 | D:14     | Noticed Louise
 34535 | Orc:1    | Entered Level 1 of the Orcish Mines
 34539 | Orc:1    | Noticed Harold
 34544 | Orc:1    | Noticed Snorg
 34814 | D:12     | Killed Snorg
 34814 | D:12     | Reached skill level 1 in Shields
 35049 | D:12     | Killed Harold
 35396 | Orc:1    | Noticed a stone giant
 35410 | Orc:1    | Killed a stone giant
 35695 | Orc:2    | Entered Level 2 of the Orcish Mines
 36228 | Orc:2    | Found a roughly hewn altar of Beogh.
 36256 | Orc:2    | Found Ibla's Weapon Boutique.
 36379 | Orc:2    | Found Veckeol's Assorted Antiques.
 36604 | Orc:2    | Bought a scroll of teleportation for 78 gold pieces
 36604 | Orc:2    | Bought a scroll of fog for 52 gold pieces
 37311 | Orc:2    | Reached XP level 15. HP: 101/101 MP: 25/27
 37481 | Orc:2    | Found a staircase to the Elven Halls.
 37846 | Orc:2    | Noticed Saint Roka
 38158 | Orc:2    | HP: 2/101 [Saint Roka/+1 bardiche (23)]
 38165 | Orc:2    | Killed Saint Roka
 38804 | Orc:2    | Found Terugad's Weapon Shop.
 38850 | Orc:2    | Found a roughly hewn altar of Beogh.
 38865 | Orc:2    | Found Cebec's Assorted Antiques.
 38908 | Orc:2    | Gained mutation: You passively map a small area around you.
                  | [a neqoxec]
 39664 | Orc:2    | Bought the +12 Vampire's Tooth {vamp} for 600 gold pieces
 39664 | Orc:2    | Found the +12 Vampire's Tooth {vamp}
 39692 | Orc:2    | Bought a potion of haste for 180 gold pieces
 40238 | Lair:3   | Found a staircase to the Swamp.
 40254 | Swamp:1  | Entered Level 1 of the Swamp
 40347 | Lair:4   | Reached skill level 10 in Polearms
 41382 | Swamp:1  | Found a snail-covered altar of Cheibriados.
 42450 | Spider:1 | Entered Level 1 of the Spider Nest
 42871 | Spider:1 | Mangled by an emperor scorpion

Levels and vault maps discovered:
D:1:      scummos_arrival_checkerplants, layout_rooms
D:2:      layout_basic, marbit_many_paths, lemuel_doored_altar, first_ration,
          eino_curves_02
D:3:      layout_basic, lemuel_crystal_altar
D:4:      layout_basic
D:5:      layout_loops_ring, minmay_temple_entry_water_ring, uniq_pikel,
          uniq_grinder
D:6:      layout_cave_pools, gammafunk_temple_overflow_pools,
          chequers_ossuary_entry_cave, st_stairs_7, uniq_blork_the_orc,
          uniq_prince_ribbit1
D:7:      layout_basic, kennysheep_mini, ebering_ghost_disaster_area,
          uniq_menkaure
D:8:      layout_basic, erik_lair_orcish_takeover, serial_shops,
          kennysheep_mini_moat, elyvilon_altar_1
D:9:      layout_small_grid
D:10:     layout_gridville
D:11:     cheibrodos_breeding_chamber, layout_basic, serial_rivers,
          chequers_serial_rivers_micro_d, chequers_serial_rivers_large_a,
          chequers_serial_rivers_small_3, chequers_serial_rivers_marsh,
          chequers_serial_rivers_micro_e, chequers_serial_rivers_small_3,
          nicolae_trove_entry_diagonal
D:12:     minmay_the_grid_plus [minmay_the_grid_x, minmay_the_grid_holed_spiral,
          minmay_the_grid_tiny_cups, minmay_the_grid_square_x,
          minmay_the_grid_prize_four_corners], layout_long_grid, orc_0_dummy
D:13:     layout_roguey, uniq_kirke
D:14:     layout_stronghold, erik_vaults_2, serial_bayou_pond_b, hangedman_ranch
          [blue_anna_fruit_fields], uniq_louise
Temple:   eino_temple_rhombus
Lair:1:   layout_regular_city, serial_bayou_shore_a, uniq_urug
Lair:2:   layout_small_grid
Lair:3:   layout_regular_city, nicolae_swamp_entry_splash_gauntlet,
          nicolae_spider_entry_orb_guardian, chequers_serial_rivers_micro_b
Lair:4:   layout_regular_city, gammafunk_ghost_necromancy, grunt_megastairs_5,
          uniq_josephine
Lair:5:   layout_cave_pods, slime_altar_1, gammafunk_ghost_ooze,
          minmay_shattered_shrine
Lair:6:   evil_forest, layout_hall_layers, infiniplex_staircase_pool_2
Swamp:1:  layout_basic_swamp, lemuel_altar_in_water
Spider:1: layout_chambers
Orc:1:    layout_caves, uniq_snorg, uniq_harold
Orc:2:    pubby_orc_utopia, serial_shops

Skill      XL: |  1  2  3  4  5  6  7  8  9 10 11 12 13 14 15 |
---------------+----------------------------------------------+-----
Necromancy     | 5 6 7 8 9 10 | 10.0
Fighting       | 1 2 3 5 9 10 12 13 14 | 14.9
Stealth        | 4 5 7 8 9 10 11 13 14 | 14.1
Dodging        | 3 4 5 6 7 8 9 10 | 10.0
Spellcasting   | 3 4 5 6 7 8 9 |  9.6
Short Blades   | 2 4 |  4.0
Polearms       | 4 6 8 9 10 | 10.2
Armour         | 2 |  2.0
Evocations     | 1 4 |  4.0
Shields        | 2 4 |  4.6

Action                   |  1- 3 |  4- 6 |  7- 9 | 10-12 | 13-15 || total
-------------------------+-------+-------+-------+-------+-------++-------
Melee: Spear             |    21 |       |       |       |       ||    21
       Dagger            |    40 |    72 |   687 |   392 |       ||  1191
       Bite              |     5 |     4 |    65 |    65 |    48 ||   187
       Demon trident     |       |       |       |   429 |   899 ||  1328
       Quick blade       |       |       |       |       |    14 ||    14
 Fire: Hunting sling     |    26 |    11 |    28 |    29 |       ||    94
Throw: Dart              |       |     4 |    10 |    11 |     1 ||    26
       Stone             |       |       |       |     1 |       ||     1
       Throwing net      |       |       |       |     1 |       ||     1
 Cast: Pain              |    43 |    32 |    70 |    30 |    17 ||   192
       Animate Skeleton  |    18 |     7 |    24 |    18 |       ||    67
       Vampiric Draining |       |       |    65 |   102 |     7 ||   174
       Animate Dead      |       |       |       |    57 |   129 ||   186
       Regeneration      |       |       |       |     8 |     2 ||    10
       Agony             |       |       |       |    37 |   136 ||   173
       Blink             |       |       |       |     4 |    14 ||    18
       Dispel Undead     |       |       |       |     2 |    27 ||    29
Invok: Receive Corpses   |       |       |       |     4 |       ||     4
       Receive Necronomi |       |       |       |       |     1 ||     1
 Abil: Exsanguinate      |     1 |     1 |     1 |       |       ||     3
       Revivify          |     1 |     1 |       |       |       ||     2
       End Transformatio |       |       |       |     4 |     1 ||     5
       Bat Form          |       |       |       |     4 |     1 ||     5
Evoke: Wand              |       |       |       |     7 |     6 ||    13
  Use: Scroll            |     3 |     4 |     6 |    21 |    13 ||    47
       Potion            |       |       |     1 |     1 |     3 ||     5
 Stab: Sleeping          |     3 |     1 |     4 |    29 |    35 ||    72
       Distracted        |       |       |     2 |     9 |    11 ||    22
       Invisible         |       |       |       |     1 |       ||     1
       Confused          |       |       |       |     2 |       ||     2
Armor: Robe              |    11 |       |       |    87 |    97 ||   195
       Ring mail         |    10 |    23 |   164 |       |       ||   197
Dodge: Dodged            |    47 |    48 |   610 |   826 |   591 ||  2122
Block: Buckler           |       |       |       |       |    77 ||    77

Table legend:
 A = Non-vault XP
 B = Vault XP
 C = Vault XP percentage of total XP
 D = Non-vault monster count
 E = Vault monster count
 F = Vault count percentage of total count
                 A         B        C        D         E       F
            +---------+---------+-------+---------+---------+-------
      Total |   69379 |   59370 |  46.1 |     501 |     236 |  32.0
            +---------+---------+-------+---------+---------+-------
        D:1 |      11 |       0 |   0.0 |       8 |       0 |   0.0
        D:2 |      64 |       2 |   3.0 |      18 |       1 |   5.3
        D:3 |      72 |       0 |   0.0 |      13 |       0 |   0.0
        D:4 |     433 |       0 |   0.0 |      16 |       0 |   0.0
        D:5 |     597 |     940 |  61.2 |      28 |       2 |   6.7
        D:6 |     979 |     388 |  28.4 |      24 |       3 |  11.1
        D:7 |    1380 |     172 |  11.1 |      37 |       1 |   2.6
        D:8 |    2451 |     645 |  20.8 |      39 |       9 |  18.8
        D:9 |     594 |       0 |   0.0 |       7 |       0 |   0.0
       D:10 |    3910 |       0 |   0.0 |      43 |       0 |   0.0
       D:11 |    5792 |    5727 |  49.7 |      37 |       9 |  19.6
       D:12 |    4686 |   11368 |  70.8 |      23 |      26 |  53.1
       D:13 |    4664 |    3415 |  42.3 |      22 |       5 |  18.5
       D:14 |    1313 |       0 |   0.0 |       3 |       0 |   0.0
     Lair:1 |    7169 |     693 |   8.8 |      35 |       1 |   2.8
     Lair:2 |    4309 |       0 |   0.0 |      25 |       0 |   0.0
     Lair:3 |    4355 |    3723 |  46.1 |      14 |      12 |  46.2
     Lair:4 |    3388 |     294 |   8.0 |      20 |       2 |   9.1
     Lair:5 |    5337 |    4322 |  44.7 |      27 |       9 |  25.0
     Lair:6 |    6544 |    4931 |  43.0 |      28 |      15 |  34.9
    Swamp:1 |    6611 |       0 |   0.0 |      15 |       0 |   0.0
   Spider:1 |    2856 |       0 |   0.0 |       8 |       0 |   0.0
      Orc:1 |    1864 |       0 |   0.0 |      11 |       0 |   0.0
      Orc:2 |       0 |   22750 | 100.0 |       0 |     141 | 100.0
            +---------+---------+-------+---------+---------+-------
